 Dungeon Crawl Stone Soup version 0.31-a0-187-gba352fbbf7 (webtiles) character file.

Game seed: 4786635276538645723

41 qw the Shooter (level 3, 0/20 HPs)
             Began as a Deep Elf Hunter on June 22, 2023.
             Slain by an adder (2 damage)
             ... on level 2 of the Dungeon.
             The game lasted 00:00:20 (930 turns).

qw the Shooter (Deep Elf Hunter)                     Turns: 930, Time: 00:00:20

Health: 0/20       AC:  5    Str: 10    XL:     3   Next: 32%
Magic:  5/5        EV: 11    Int: 13    God:
Gold:   55         SH:  0    Dex: 18    Spells: 2/2 levels left

rFire   . . .        Y - +1 shortbow
rCold   . . .        (shield currently unavailable)
rNeg    . . .        f - +0 ring mail
rPois   .            (no helmet)
rElec   .            (no cloak)
rCorr   .            (no gloves)
SInv    .            (no boots)
Will    .....        (no amulet)
Stlth   +            (no ring)
HPRegen 0.23/turn    (no ring)
MPRegen 0.09/turn

%: no passive effects
@: lethally poisoned (0 -> -3)
A: no striking features
a: no special abilities


You were on level 2 of the Dungeon.
You visited 1 branch of the dungeon, and saw 2 of its levels.

You collected 55 gold pieces.


   Skills:
 - Level 1.5 Fighting
 + Level 6.9 Ranged Weapons
 - Level 2.4 Dodging
 - Level 1.2 Stealth


You had 2 spell levels left.
You didn't know any spells.
Your spell library was empty.

Inventory:

Hand Weapons
 Y - a +1 shortbow (weapon)
Armour
 f - a +0 ring mail (worn)
Potions
 g - a potion of heal wounds {unknown}
 h - a potion of curing

Dungeon Overview and Level Annotations

Branches:
Dungeon (2/15)

Altars:


Message History

The hobgoblin hits you but does no damage.
You shoot an arrow. The arrow barely misses the jackal.
The arrow barely misses the adder.
The bat hits you but does no damage. The bat misses you.
The jackal bites you but does no damage.
The jackal bites you. The hobgoblin completely misses you.
The jackal bites you but does no damage.
The jackal barely misses you.
You shoot an arrow.
The arrow hits the jackal but does no damage.
The jackal is heavily wounded.
The bat hits you but does no damage. x2; The bat hits you.
The jackal closely misses you.
The jackal bites you but does no damage.
The hobgoblin misses you. The jackal closely misses you.
The jackal barely misses you.
You shoot an arrow.
The arrow hits the jackal but does no damage.
The jackal is heavily wounded.
The bat misses you. The bat hits you but does no damage. The jackal misses you.
The adder bites you.
You are poisoned.
The adder poisons you! The hobgoblin misses you. The jackal barely misses you.
The bat hits you but does no damage.
You shoot an arrow. The arrow hits the jackal.
You kill the jackal!
You feel very sick. The bat hits you but does no damage.
The jackal bites you but does no damage.
The adder barely misses you. The hobgoblin misses you. The jackal bites you.
The adder bites you but does no damage. The hobgoblin hits you.
You shoot an arrow. The arrow hits the adder!
The adder is almost dead.
You feel sick. The bat hits you but does no damage.
The jackal bites you but does no damage.
The adder barely misses you.
The jackal bites you but does no damage.
The hobgoblin hits you but does no damage.
The adder bites you.
You die...

.....# ####..
# ..# .# . #.
#.####.##
##.####.......
.............
#.........#
##.?...b...#
.......g%..#
#....@h..#
#####.S###
$..# ##..#
.... ....#
....# ######


You could see an adder, a jackal, a hobgoblin and a bat.

Vanquished Creatures
  An adder (D:2)
  A dart slug (D:1)
  4 bats (D:1)
  A giant cockroach (D:1)
  5 goblins (D:1)
  A hobgoblin (D:1)
  3 jackals
  2 kobolds
  4 ball pythons (D:1)
  4 frilled lizards (D:1)
  3 rats (D:1)
29 creatures vanquished.

Notes
Turn   | Place    | Note
-------+----------+-------------------------------------------
     0 | D:1      | qw the Deep Elf Hunter began the quest for the Orb.
     0 | D:1      | Reached XP level 1. HP: 12/12 MP: 3/3
     0 | D:1      | 0 ||| qw: Version: 0.3-a-9-g12657ce
     0 | D:1      | 0 ||| qw: Game counter: 2407
     0 | D:1      | 0 ||| qw: Always use a shield: true
     0 | D:1      | 0 ||| qw: God list: Okawaru
     0 | D:1      | 0 ||| qw: Allow faded altars: false
     0 | D:1      | 0 ||| qw: Do Orc after D:15 true
     0 | D:1      | 0 ||| qw: Do second Lair branch before Depths: true
     0 | D:1      | 0 ||| qw: Lair rune preference: random
     0 | D:1      | 0 ||| qw: Plans: Normal
     0 | D:1      | 0 ||| PLANNING D:1-11
   338 | D:1      | Reached skill level 6 in Ranged Weapons
   338 | D:1      | Reached XP level 2. HP: 12/16 MP: 4/4
   407 | D:1      | 407 ||| FLEEEEING.
   408 | D:1      | 408 ||| FLEEEEING.
   409 | D:1      | 409 ||| FLEEEEING.
   410 | D:1      | 410 ||| FLEEEEING.
   416 | D:1      | 416 ||| FLEEEEING.
   764 | D:1      | Reached XP level 3. HP: 20/20 MP: 5/5
   844 | D:1      | 844 ||| UPGRADING to +0 ring mail.
   854 | D:1      | 854 ||| DROPPING +0 leather armour.
   855 | D:1      | 855 ||| READING scroll labelled CUFASU CITUMA.
   856 | D:1      | 856 ||| READING scroll labelled RESUET YB OLOI.
   857 | D:1      | 857 ||| DRINKING 2 purple potions.
   858 | D:1      | 858 ||| DROPPING scroll of butterflies.
   929 | D:2      | HP: 5/20 [poisoned by an adder]
   929 | D:2      | HP: 2/20 [hobgoblin (1)]
   930 | D:2      | Slain by an adder

Levels and vault maps discovered:
D:1:      eino_arrival_cavern_d, layout_basic, hangedman_decor_growths,
          amethyst_killhole, minmay_distorted
D:2:      layout_rooms

Skill      XL: |  1 |
---------------+----+-----
Ranged Weapons | 6 |  6.9
Fighting       | |  1.5
Dodging        | |  2.4
Stealth        | |  1.2

Action                     || total
---------------------------++-------
   Fire: Shortbow          ||    71
    Use: Scroll            ||     2
         Potion            ||     1
 Armour: Leather armour    ||     7
         Ring mail         ||    25
  Dodge: Dodged            ||    37

Table legend:
 A = Non-vault XP
 B = Vault XP
 C = Vault XP percentage of total XP
 D = Non-vault monster count
 E = Vault monster count
 F = Vault count percentage of total count
                 A         B        C        D         E       F
            +---------+---------+-------+---------+---------+-------
      Total |      53 |       6 |  10.2 |      26 |       3 |  10.3
            +---------+---------+-------+---------+---------+-------
        D:1 |      35 |       6 |  14.6 |      22 |       3 |  12.0
        D:2 |      18 |       0 |   0.0 |       4 |       0 |   0.0
            +---------+---------+-------+---------+---------+-------
